 Dungeon Crawl Stone Soup version 0.21-a0-344-g2144152 (webtiles) character file.

2032 tidbits the Charmwright (level 9, 0/62 HPs)
             Began as a Gnoll Skald on Oct 5, 2017.
             Was a Follower of Cheibriados.
             Slain by a vampire (12 damage)
             ... on level 8 of the Dungeon.
             The game lasted 00:16:25 (2165 turns).

tidbits the Charmwright (Gnoll Skald)               Turns: 2165, Time: 00:16:25

Health: 0/62       AC:  7    Str: 15    XL:     9   Next: 24%
Magic:  18/18      EV: 20    Int: 20    God:    Cheibriados [*.....]
Gold:   295        SH:  0    Dex: 23    Spells: 9/20 levels left

rFire    . . .     SeeInvis .   a - +0 war axe
rCold    . . .     Gourm    .   (no shield)
rNeg     . . .     Faith    .   B - +0 ring mail
rPois    .         Spirit   .   (no helmet)
rElec    .         Reflect  .   (no cloak)
rCorr    .         Harm     .   G - +0 pair of gloves (curse)
MR       +....                  (no boots)
Stlth    ++++......             (no amulet)
HPRegen  0.20/turn              W - ring of wizardry
MPRegen  0.16/turn              H - ring of stealth

@: agile, very slow
A: distributed training, fangs 1, frail 1, magic resistance 1, strong nose
a: Bend Time, Renounce Religion


You were on level 8 of the Dungeon.
You worshipped Cheibriados.
Cheibriados was aware of your devotion.
You were not hungry.

You visited 2 branches of the dungeon, and saw 10 of its levels.

You collected 295 gold pieces.

Inventory:

Hand Weapons
 a - a +0 war axe (weapon)
 v - a +0 hand axe
 O - a +0 broad axe
Missiles
 h - 4 curare-tipped needles
 u - 71 arrows
 y - 5 tomahawks (quivered)
Armour
 p - a +0 leather armour
 w - a +0 ring mail
 A - a +0 scale mail of cold resistance
   (You found it on level 5 of the Dungeon)
 B - a +0 ring mail (worn)
 C - a +2 pair of gloves
 G - a cursed +0 pair of gloves (worn)
Jewellery
 H - a ring of stealth (right hand)
   (You found it on level 7 of the Dungeon)
 W - a ring of wizardry (left hand)
   (You found it on level 6 of the Dungeon)
Wands
 k - a wand of flame (13/48)
 D - a wand of iceblast (7/15)
 K - a wand of enslavement (4/24)
 L - a wand of polymorph (11/24)
 M - a wand of flame (25/48)
Scrolls
 b - a scroll of recharging {unknown}
 e - 2 scrolls of fear
 f - a scroll of enchant weapon {unknown}
 i - a scroll of random uselessness {unknown}
 l - a scroll of teleportation
 o - 2 scrolls of remove curse {unknown}
 r - a scroll of identify
 s - a scroll of brand weapon {unknown}
 t - 3 scrolls of enchant armour {unknown}
 J - a scroll of amnesia {unknown}
 N - a scroll of fog {unknown}
Potions
 g - 3 potions of haste
Books
 c - a book of Battle

   Spells                             Type                      Level
   a - Infusion                       Charms                       1
   b - Shroud of Golubria             Charms/Translocation         2
   c - Song of Slaying                Charms                       2
   d - Spectral Weapon                Hexes/Charms                 3
   e - Regeneration                   Charms/Necromancy            3
Comestibles
 d - 2 bread rations
 m - 2 royal jellies
 q - a meat ration
 x - 4 fruits
 E - 2 chunks of flesh


   Skills:
 + Level 6.1 Fighting
 + Level 4.0 Short Blades
 + Level 4.0 Long Blades
 + Level 6.1 Axes
 + Level 4.0 Maces & Flails
 + Level 4.0 Polearms
 + Level 4.0 Staves
 + Level 4.0 Slings
 + Level 4.0 Bows
 + Level 4.0 Crossbows
 + Level 4.0 Throwing
 + Level 4.8 Armour
 + Level 6.1 Dodging
 + Level 4.0 Stealth
 + Level 4.0 Shields
 + Level 4.0 Unarmed Combat
 + Level 6.4 Spellcasting
 + Level 4.0 Conjurations
 + Level 4.0 Hexes
 + Level 7.7 Charms
 + Level 4.0 Summonings
 + Level 4.0 Necromancy
 + Level 4.0 Translocations
 + Level 4.0 Transmutations
 + Level 4.0 Fire Magic
 + Level 4.0 Ice Magic
 + Level 4.0 Air Magic
 + Level 4.0 Earth Magic
 + Level 4.0 Poison Magic
 + Level 4.0 Invocations
 + Level 4.0 Evocations


You had 9 spell levels left.
You knew the following spells:

 Your Spells              Type           Power        Failure   Level  Hunger
g - Shroud of Golubria    Chrm/Tloc      ####......   1%          2    None
i - Infusion              Chrm           ####         1%          1    None
r - Regeneration          Chrm/Necr      ####......   1%          3    ##.....
s - Song of Slaying       Chrm           #####...     1%          2    None
w - Spectral Weapon       Hex/Chrm       ####....     1%          3    ##.....


Dungeon Overview and Level Annotations

Branches:
Dungeon (9/15)             Temple (1/1) D:7
   Lair: D:8-11         Orc: D:9-12

Altars:
Ashenzari
Cheibriados
Dithmenos
Elyvilon
Fedhas
Gozag
Hepliaklqana
Kikubaaqudgha
Makhleb
Qazlal
Ru
Sif Muna
Uskayaw
Vehumet
Wu Jian
Xom
Yredelemnul

Shops:
D:8 %


Innate Abilities, Weirdness & Mutations

Your experience applies equally to all skills.
You have very sharp teeth.
Your uncanny sense of smell can sniff out nearby items.
You are frail. (-10% HP)
You are resistant to hostile enchantments. (MR+)


Message History

The crocodile is heavily wounded.
You hit the yak.
Your spectral weapon hits the crocodile!
The crocodile bites you!
* * * LOW HITPOINT WARNING * * *
The yak gores you.
* * * LOW HITPOINT WARNING * * *
The crocodile bites your spectral weapon.
Your spectral weapon shares its damage with you!
* * * LOW HITPOINT WARNING * * *
The yak closely misses you.
The crocodile bites your spectral weapon.
Your spectral weapon shares its damage with you!
* * * LOW HITPOINT WARNING * * *
The yak gores your spectral weapon!
Your spectral weapon shares its damage with you!
Your spectral weapon fades away.
* * * LOW HITPOINT WARNING * * *
Evoke which item? (* to show all) (? for menu, Esc to quit)
Aiming: Enslavement
Press: ? - help, Shift-Dir - straight line, f - yak
Aim: a yak (moderately wounded, chance to defeat MR: 58%)
The yak resists with significant effort.
This wand has 4 charges left.
Your skin is crawling a little less now.
Okay, then.
You feel agile all of a sudden. The crocodile completely misses you.
Unknown command.
As you read the scroll of teleportation, it crumbles to dust.
You feel strangely unstable. The crocodile barely misses you.
The crocodile misses you.
Your surroundings suddenly seem different.
Casting: Regeneration
Confirm with . or Enter, or press ? or * to list all spells.
Your skin crawls.
As you open the door, it creaks loudly!
Your skin is crawling a little less now.
Found a stone staircase leading down and a stone staircase leading up.
There is an open door here.
Some of the chunks of flesh in your inventory have rotted away.
Your skin stops crawling.
Found a scroll labeled EHACVE ROISMEA.
There is a stone staircase leading up here.
You climb upwards.
A sky beast and a vampire come into view.
The vampire casts a spell.
The vampire flickers and vanishes!
Found 19 sling bullets.
There is a stone staircase leading down here.
Casting: Regeneration
Confirm with . or Enter, or press ? or * to list all spells.
Your skin crawls.
Casting: Regeneration
Confirm with . or Enter, or press ? or * to list all spells.
You draw out your weapon's spirit!
You are confused.
It was a potion of magic.
Magic courses through your body.
Your skin is crawling a little less now.
Something tries to affect you, but you resist.
The sky beast flickers out of sight!
Something hits you.
* * * LOW HITPOINT WARNING * * *
Something bites you!
* * * LOW HITPOINT WARNING * * *
Something draws strength from your injuries!
Something hits your spectral weapon. Something shocks your spectral weapon.
Your spectral weapon resists.
Something hits you!
* * * LOW HITPOINT WARNING * * *
Something bites you.
* * * LOW HITPOINT WARNING * * *
Something draws strength from your injuries!
Something closely misses your spectral weapon.
It was a potion of heal wounds.
You feel much better. Something closely misses you. Something bites you.
* * * LOW HITPOINT WARNING * * *
Something draws strength from your injuries!
Something hits your spectral weapon.
Your spectral weapon shares its damage with you!
Something shocks your spectral weapon.
Your spectral weapon resists.
* * * LOW HITPOINT WARNING * * *
It was a potion of mutation.
You feel extremely strange.
You feel frail.
You feel resistant to hostile enchantments.
Something closely misses you. Something completely misses you.
Something hits your spectral weapon but does no damage.
It was a potion of curing.
You feel better.
Your skin stops crawling.
Something barely misses you. Something bites you!
* * * LOW HITPOINT WARNING * * *
Something draws strength from your injuries!
Something closely misses your spectral weapon.
You slash something! You hit something but do no damage. Something hits you.
* * * LOW HITPOINT WARNING * * *
Something shocks you.
* * * LOW HITPOINT WARNING * * *
Something hits you but does no damage. Something bites you!
You die...

.... . ...## . ..
.... . .. ... ...
.## .# ....
..##.##.# .
.....#.......# ..
.............#...
.....##>.........
.......@{........
####....(....##.
#.............
#...(..........
.................
..##..........#..
.. #..........# .
##........##
#..........#


You could see a friendly spectral war axe.

Vanquished Creatures
  A hippogriff (D:5)
  A wyvern (D:9)
  A yak (D:9)
  An orc warrior (D:9)
  A porcupine (D:9)
  An ice beast (D:7)
  A black bear (D:8)
  A sky beast (D:5)
  A necrophage (D:7)
  A centaur (D:7)
  A crocodile (D:9)
  3 bullfrogs
  A howler monkey (D:7)
  A crimson imp (D:6)
  5 orc priests
  3 hounds
  Natasha (thrice) (D:2)
  An iguana (D:6)
  2 orc wizards
  2 worker ants (D:7)
  3 gnolls (D:3)
  6 adders
  A shadow imp (D:6)
  2 oozes
  2 worms
  A dart slug (D:1)
  6 leopard geckos
  15 orcs
  2 bats
  6 giant cockroaches
  3 goblins
  4 hobgoblins
  A quokka (D:7)
  3 ball pythons
  4 frilled lizards
  3 kobolds
  2 quokka skeletons (D:7)
  7 rats
103 creatures vanquished.

Vanquished Creatures (collateral kills)
  A crocodile (D:9)
1 creature vanquished.

Vanquished Creatures (others)
  A porcupine (D:9)
  A worker ant zombie (D:9)
  A fungus (D:9)
  A spectral weapon (D:9)
4 creatures vanquished.

Grand Total: 108 creatures vanquished

Notes
Turn   | Place    | Note
-------+----------+-------------------------------------------
     0 | D:1      | tidbits the Gnoll Skald began the quest for the Orb.
     0 | D:1      | Reached XP level 1. HP: 20/20 MP: 6/6
   162 | D:1      | Reached XP level 2. HP: 24/26 MP: 3/7
   166 | D:1      | Learned a level 2 spell: Song of Slaying
   169 | D:1      | Learned a level 2 spell: Shroud of Golubria
   311 | D:2      | Noticed Natasha
   317 | D:2      | Noticed a crimson imp
   317 | D:2      | Killed Natasha
   317 | D:2      | Reached skill level 5 in Spellcasting
   317 | D:2      | Reached XP level 3. HP: 28/31 MP: 0/9
   545 | D:2      | Reached skill level 1 in Short Blades
   545 | D:2      | Reached skill level 1 in Long Blades
   545 | D:2      | Reached skill level 1 in Maces & Flails
   545 | D:2      | Reached skill level 1 in Polearms
   545 | D:2      | Reached skill level 1 in Staves
   545 | D:2      | Reached skill level 1 in Slings
   545 | D:2      | Reached skill level 1 in Bows
   545 | D:2      | Reached skill level 1 in Crossbows
   545 | D:2      | Reached skill level 1 in Throwing
   545 | D:2      | Reached skill level 1 in Stealth
   545 | D:2      | Reached skill level 1 in Shields
   545 | D:2      | Reached skill level 1 in Unarmed Combat
   545 | D:2      | Reached skill level 1 in Conjurations
   545 | D:2      | Reached skill level 1 in Hexes
   545 | D:2      | Reached skill level 1 in Summonings
   545 | D:2      | Reached skill level 1 in Necromancy
   545 | D:2      | Reached skill level 1 in Translocations
   545 | D:2      | Reached skill level 1 in Transmutations
   545 | D:2      | Reached skill level 1 in Fire Magic
   545 | D:2      | Reached skill level 1 in Ice Magic
   545 | D:2      | Reached skill level 1 in Air Magic
   545 | D:2      | Reached skill level 1 in Earth Magic
   545 | D:2      | Reached skill level 1 in Poison Magic
   545 | D:2      | Reached skill level 1 in Invocations
   545 | D:2      | Reached skill level 1 in Evocations
   561 | D:2      | Noticed Natasha
   568 | D:2      | Killed Natasha
   568 | D:2      | Reached XP level 4. HP: 26/38 MP: 4/11
   573 | D:2      | Learned a level 3 spell: Regeneration
   577 | D:2      | Learned a level 3 spell: Spectral Weapon
   599 | D:2      | Noticed Natasha
   607 | D:2      | Killed Natasha
   662 | D:3      | Reached XP level 5. HP: 36/43 MP: 2/12
   750 | D:5      | Entered Level 5 of the Dungeon
   787 | D:3      | Reached skill level 3 in Armour
   962 | D:3      | Reached XP level 6. HP: 48/50 MP: 9/13
  1082 | D:3      | You fall through a shaft for 2 floors!
  1086 | D:5      | Noticed a sky beast
  1122 | D:4      | Reached skill level 5 in Fighting
  1122 | D:4      | Reached skill level 5 in Axes
  1122 | D:4      | Reached skill level 5 in Dodging
  1145 | D:4      | Reached skill level 2 in Short Blades
  1145 | D:4      | Reached skill level 2 in Long Blades
  1145 | D:4      | Reached skill level 2 in Maces & Flails
  1145 | D:4      | Reached skill level 2 in Polearms
  1145 | D:4      | Reached skill level 2 in Staves
  1145 | D:4      | Reached skill level 2 in Slings
  1145 | D:4      | Reached skill level 2 in Bows
  1145 | D:4      | Reached skill level 2 in Crossbows
  1145 | D:4      | Reached skill level 2 in Throwing
  1145 | D:4      | Reached skill level 2 in Stealth
  1145 | D:4      | Reached skill level 2 in Shields
  1145 | D:4      | Reached skill level 2 in Unarmed Combat
  1145 | D:4      | Reached skill level 2 in Conjurations
  1145 | D:4      | Reached skill level 2 in Hexes
  1145 | D:4      | Reached skill level 2 in Summonings
  1145 | D:4      | Reached skill level 2 in Necromancy
  1145 | D:4      | Reached skill level 2 in Translocations
  1145 | D:4      | Reached skill level 2 in Transmutations
  1145 | D:4      | Reached skill level 2 in Fire Magic
  1145 | D:4      | Reached skill level 2 in Ice Magic
  1145 | D:4      | Reached skill level 2 in Air Magic
  1145 | D:4      | Reached skill level 2 in Earth Magic
  1145 | D:4      | Reached skill level 2 in Poison Magic
  1145 | D:4      | Reached skill level 2 in Invocations
  1145 | D:4      | Reached skill level 2 in Evocations
  1191 | D:5      | Killed a sky beast
  1227 | D:5      | Noticed a hippogriff
  1235 | D:5      | Killed a hippogriff
  1235 | D:5      | Reached skill level 7 in Charms
  1235 | D:5      | Reached XP level 7. HP: 47/56 MP: 7/15
  1261 | D:5      | Found a shattered altar of Ashenzari.
  1471 | D:6      | Reached XP level 8. HP: 63/63 MP: 12/16
  1547 | D:7      | Found a staircase to the Ecumenical Temple.
  1565 | Temple   | Entered the Ecumenical Temple
  1725 | D:7      | Reached skill level 3 in Short Blades
  1725 | D:7      | Reached skill level 3 in Long Blades
  1725 | D:7      | Reached skill level 3 in Maces & Flails
  1725 | D:7      | Reached skill level 3 in Polearms
  1725 | D:7      | Reached skill level 3 in Staves
  1725 | D:7      | Reached skill level 3 in Slings
  1725 | D:7      | Reached skill level 3 in Bows
  1725 | D:7      | Reached skill level 3 in Crossbows
  1725 | D:7      | Reached skill level 3 in Throwing
  1725 | D:7      | Reached skill level 4 in Armour
  1725 | D:7      | Reached skill level 3 in Stealth
  1725 | D:7      | Reached skill level 3 in Shields
  1725 | D:7      | Reached skill level 3 in Unarmed Combat
  1725 | D:7      | Reached skill level 3 in Conjurations
  1725 | D:7      | Reached skill level 3 in Hexes
  1725 | D:7      | Reached skill level 3 in Summonings
  1725 | D:7      | Reached skill level 3 in Necromancy
  1725 | D:7      | Reached skill level 3 in Translocations
  1725 | D:7      | Reached skill level 3 in Transmutations
  1725 | D:7      | Reached skill level 3 in Fire Magic
  1725 | D:7      | Reached skill level 3 in Ice Magic
  1725 | D:7      | Reached skill level 3 in Air Magic
  1725 | D:7      | Reached skill level 3 in Earth Magic
  1725 | D:7      | Reached skill level 3 in Poison Magic
  1725 | D:7      | Reached skill level 3 in Invocations
  1725 | D:7      | Reached skill level 3 in Evocations
  1747 | D:7      | Reached skill level 6 in Spellcasting
  1863 | D:6      | Found a hazy altar of Hepliaklqana.
  1863 | D:6      | Found a snail-covered altar of Cheibriados.
  1863 | D:6      | Found a shadowy altar of Dithmenos.
  1863 | D:6      | Found an ornate altar of the Wu Jian Council.
  1874 | D:6      | Became a worshipper of Cheibriados the Contemplative
  2005 | D:8      | Found Cuzoaps's Food Shoppe.
  2080 | D:9      | Noticed a wyvern
  2088 | D:9      | Killed a wyvern
  2096 | D:9      | Reached skill level 6 in Fighting
  2096 | D:9      | Reached skill level 6 in Axes
  2096 | D:9      | Reached skill level 6 in Dodging
  2096 | D:9      | Reached XP level 9. HP: 47/68 MP: 16/18
  2129 | D:9      | Reached * piety under Cheibriados
  2134 | D:9      | Reached skill level 4 in Short Blades
  2134 | D:9      | Reached skill level 4 in Long Blades
  2134 | D:9      | Reached skill level 4 in Maces & Flails
  2134 | D:9      | Reached skill level 4 in Polearms
  2134 | D:9      | Reached skill level 4 in Staves
  2134 | D:9      | Reached skill level 4 in Slings
  2134 | D:9      | Reached skill level 4 in Bows
  2134 | D:9      | Reached skill level 4 in Crossbows
  2134 | D:9      | Reached skill level 4 in Throwing
  2134 | D:9      | Reached skill level 4 in Stealth
  2134 | D:9      | Reached skill level 4 in Shields
  2134 | D:9      | Reached skill level 4 in Unarmed Combat
  2134 | D:9      | Reached skill level 4 in Conjurations
  2134 | D:9      | Reached skill level 4 in Hexes
  2134 | D:9      | Reached skill level 4 in Summonings
  2134 | D:9      | Reached skill level 4 in Necromancy
  2134 | D:9      | Reached skill level 4 in Translocations
  2134 | D:9      | Reached skill level 4 in Transmutations
  2134 | D:9      | Reached skill level 4 in Fire Magic
  2134 | D:9      | Reached skill level 4 in Ice Magic
  2134 | D:9      | Reached skill level 4 in Air Magic
  2134 | D:9      | Reached skill level 4 in Earth Magic
  2134 | D:9      | Reached skill level 4 in Poison Magic
  2134 | D:9      | Reached skill level 4 in Invocations
  2134 | D:9      | Reached skill level 4 in Evocations
  2137 | D:9      | HP: 4/68 [yak (4)]
  2160 | D:8      | HP: 6/68 [something (4)]
  2162 | D:8      | Gained mutation: You are frail. (-10% HP) [potion of mutation]
  2162 | D:8      | Gained mutation: You are resistant to hostile enchantments. (MR+) [potion of mutation]
  2165 | D:8      | Slain by a vampire

Vault maps used:
D:1:      minmay_arrival_plants_in_alcoves, minmay_misc_feat_hallway,
          roderic_lattice_a, minmay_strange_pillars
D:2:      tgw_trog, first_bread, uniq_natasha
D:3:      minmay_misc_feat_room
D:5:      chequers_temple_overflow_statue_of_worship,
          nemelex_xobeh_ov_fountains_minmay, basic_altar,
          minmay_stone_trees_medium, hangedman_abyss_or_decor_lesser_grid
D:6:      zin_purify, nicolae_overflow_hidden_temple
D:7:      minmay_temple_entry_overgrown, serial_shops, shop, the_bakery
D:8:      minmay_the_grid_triangle_9x9_rhombus_thin, serial_shops,
          kennysheep_mini
D:9:      minmay_lair_entry_grove, minmay_orc_entry_temple_small,
          minmay_ruffians
Temple:   dshaligram_water_room_temple

Skill      XL: |  1  2  3  4  5  6  7  8  9 |
---------------+----------------------------+-----
Spellcasting   | 5 6 |  6.4
Short Blades   | 1 2 3 4 |  4.0
Long Blades    | 1 2 3 4 |  4.0
Maces & Flails | 1 2 3 4 |  4.0
Polearms       | 1 2 3 4 |  4.0
Staves         | 1 2 3 4 |  4.0
Slings         | 1 2 3 4 |  4.0
Bows           | 1 2 3 4 |  4.0
Crossbows      | 1 2 3 4 |  4.0
Throwing       | 1 2 3 4 |  4.0
Stealth        | 1 2 3 4 |  4.0
Shields        | 1 2 3 4 |  4.0
Unarmed Combat | 1 2 3 4 |  4.0
Conjurations   | 1 2 3 4 |  4.0
Hexes          | 1 2 3 4 |  4.0
Summonings     | 1 2 3 4 |  4.0
Necromancy     | 1 2 3 4 |  4.0
Translocations | 1 2 3 4 |  4.0
Transmutations | 1 2 3 4 |  4.0
Fire Magic     | 1 2 3 4 |  4.0
Ice Magic      | 1 2 3 4 |  4.0
Air Magic      | 1 2 3 4 |  4.0
Earth Magic    | 1 2 3 4 |  4.0
Poison Magic   | 1 2 3 4 |  4.0
Invocations    | 1 2 3 4 |  4.0
Evocations     | 1 2 3 4 |  4.0
Armour         | 3 4 |  4.8
Fighting       | 5 6 |  6.1
Axes           | 5 6 |  6.1
Dodging        | 5 6 |  6.1
Charms         | 7 |  7.7

Action                   |  1- 3 |  4- 6 |  7- 9 || total
-------------------------+-------+-------+-------++-------
Melee: Hand axe          |    58 |    45 |       ||   103
       Bite              |     3 |     8 |    10 ||    21
       War axe           |       |    35 |    90 ||   125
       Punch             |       |       |     1 ||     1
 Cast: Infusion          |     8 |     1 |       ||     9
       Spectral Weapon   |       |    15 |    19 ||    34
       Regeneration      |       |     2 |     6 ||     8
       Shroud of Golubri |       |       |     1 ||     1
Evoke: Wand              |       |       |     3 ||     3
  Use: Scroll            |       |       |     7 ||     7
       Potion            |       |       |     6 ||     6
 Stab: Distracted        |       |     3 |       ||     3
  Eat: Chunk             |       |     3 |     4 ||     7
Armor: Leather armour    |     8 |       |       ||     8
       Ring mail         |     5 |    26 |    33 ||    64
Dodge: Dodged            |    30 |    57 |    72 ||   159

Table legend:
 A = Spawn XP
 B = Non-spawn XP
 C = Spawn XP percentage of total XP
 D = Spawn monster count
 E = Non-spawn monster count
 F = Spawn count percentage of total count
 G = Total turns spent on level
                    A         B        C        D         E        F      G
               +---------+---------+-------+---------+---------+-------+---------
         Total |       0 |    2904 |   0.0 |       0 |     104 |   0.0 |  2165
               +---------+---------+-------+---------+---------+-------+---------
           D:1 |       0 |      32 |   0.0 |       0 |      18 |   0.0 |   360
           D:2 |       0 |     128 |   0.0 |       0 |      11 |   0.0 |   280
           D:3 |       0 |     182 |   0.0 |       0 |      23 |   0.0 |   268
           D:4 |       0 |     138 |   0.0 |       0 |       7 |   0.0 |   239
           D:5 |       0 |     476 |   0.0 |       0 |       8 |   0.0 |   133
           D:6 |       0 |     248 |   0.0 |       0 |       7 |   0.0 |   265
           D:7 |       0 |     715 |   0.0 |       0 |      20 |   0.0 |   358
           D:8 |       0 |     141 |   0.0 |       0 |       2 |   0.0 |   117
           D:9 |       0 |     844 |   0.0 |       0 |       8 |   0.0 |    87
               +---------+---------+-------+---------+---------+-------+---------

Table legend:
 A = Turns spent in this place as a percentage of turns spent in the entire game.
 B = Non-inter-level travel turns spent in this place as a percentage of non-inter-level travel turns spent in the entire game.
 C = Inter-level travel turns spent in this place as a percentage of turns spent in this place.
 D = Turns resting spent in this place as a percentage of non-inter-level travel turns spent in this place.
 E = Turns spent auto-exploring this place as a percentage of non-inter-level travel turns spent in this place.
 F = Non-inter-level travel turns spent in this place divided by the number of levels of this place that you've seen.
                   A       B       C       D       E      F
               +-------+-------+-------+-------+-------+----------------------
         Total | 100.0 | 100.0 |   1.2 |   0.0 |   0.0 | 213.9
       Dungeon |  97.3 |  98.0 |   0.5 |   0.0 |   0.0 | 232.9
        Temple |   2.7 |   2.0 |  25.9 |   0.0 |   0.0 |  43.0
               +-------+-------+-------+-------+-------+----------------------

Table legend:
 A = Kills in this place as a percentage of kills in entire the game.
 B = Kills by you in this place as a percentage of kills by you in the entire game.
 C = Kills by friends in this place as a percentage of kills by friends in the entire game.
 D = Other kills in this place as a percentage of other kills in the entire game.
 E = Experience gained in this place as a percentage of experience gained in the entire game.
 F = Experience gained in this place divided by the number of levels of this place that you have seen.
                   A       B       C       D       E      F
               +-------+-------+-------+-------+-------+----------------------
         Total | 100.0 | 100.0 | 100.0 |   N/A | 100.0 | 290.4
       Dungeon | 100.0 | 100.0 | 100.0 |   N/A | 100.0 | 322.7
               +-------+-------+-------+-------+-------+----------------------

Vault maps used:
D:1:      minmay_arrival_plants_in_alcoves, minmay_misc_feat_hallway,
          roderic_lattice_a, minmay_strange_pillars
D:2:      tgw_trog, first_bread, uniq_natasha
D:3:      minmay_misc_feat_room
D:5:      chequers_temple_overflow_statue_of_worship,
          nemelex_xobeh_ov_fountains_minmay, basic_altar,
          minmay_stone_trees_medium, hangedman_abyss_or_decor_lesser_grid
D:6:      zin_purify, nicolae_overflow_hidden_temple
D:7:      minmay_temple_entry_overgrown, serial_shops, shop, the_bakery
D:8:      minmay_the_grid_triangle_9x9_rhombus_thin, serial_shops,
          kennysheep_mini
D:9:      minmay_lair_entry_grove, minmay_orc_entry_temple_small,
          minmay_ruffians
Temple:   dshaligram_water_room_temple
